Map: Sludge City

Players

neulaender - Winner!

  • Race: Zerg Zerg
  • Spawn Location: 5:00

Baumdoktor - Winner!

  • Race: Protoss Protoss
  • Spawn Location: 5:00

Eridanus

  • Race: Protoss Protoss
  • Spawn Location: 11:00

Honor

  • Race: Protoss Protoss
  • Spawn Location: 9:00

VOD

Have the link to the VOD?

Description

Time

  • Played on: Oct. 19, 2016, 3:35 p.m.
  • Length: 10:07
Show
View Real Time Build Order
Export as new Build Order

neulaender Zerg - Winner!

Build Orders: Pool First 

Get SALT Encoding   

  12  0:01  Drone  
  13  0:13  Overlord  
  13  0:19  Drone  
  14  0:31  Drone x2  
  16  0:36  Drone  
  17  0:49  Spawning Pool  
  16  0:52  Extractor  
  16  0:53  Drone  
  16  0:59  Drone  
  17  1:23  Unknown, Hatchery  
  17  1:24  Drone  
  17  1:25  Drone  
  18  1:29  Drone  
  19  1:41  Queen  
  21  1:55  Drone  
  21  1:56  Overlord  
  21  2:01  Metabolic Boost  
  22  2:07  Evolution Chamber  
  21  2:11  Evolution Chamber  
  21  2:13  Drone  
  21  2:21  Drone  
  22  2:34  Unknown, Drone x2  
  24  2:37  Zerg Missile Weapons Level 1  
  24  2:46  Extractor  
  24  2:47  Drone  
  24  2:50  Extractor  
  23  2:52  Extractor  
  23  2:53  Drone  
  23  3:00  Drone x3  
  23  3:02  Drone  
  23  3:05  Drone  
  28  3:12  Lair  
  28  3:15  Drone  
  28  3:17  Drone  
  28  3:19  Drone  
  31  3:30  Queen  
  33  3:35  Drone  
  33  3:36  Drone x2  
  33  3:37  Overlord  
  36  3:43  Zerg Ground Armor Level 1  
  36  3:53  Drone, Roach Warren  
  36  3:57  Drone x2  
  36  4:02  Drone x4  
  42  4:31  Drone  
  42  4:33  Glial Reconstitution  
  42  4:36  Overlord x3  
  43  4:39  Overseer  
  43  4:42  Zergling x2  
  43  4:45  Pneumatized Carapace  
  44  5:00  Unknown, Hatchery  
  44  5:02  Unknown, Hatchery  
  42  5:11  Zerg Missile Weapons Level 2  
  42  5:23  Roach x8  
  42  5:24  Roach x4  
  66  5:32  Roach  
  66  5:35  Overlord  
  68  5:38  Zerg Ground Armor Level 2  
  68  5:42  Overlord  
  68  5:43  Overlord  
  68  5:58  Drone x4  
  68  6:00  Overlord x3  
  72  6:11  Unknown  
  72  6:14  Unknown  
  72  6:15  Zergling x10  
  77  6:18  Queen  
  77  6:20  Queen  
  77  6:22  Overlord  
  81  6:29  Drone  
  81  6:30  Drone  
  81  6:32  Tunneling Claws  
  83  6:34  Burrow  
  83  6:37  Spire  
  82  6:41  Zergling x6  
  82  6:42  Zergling x2  
  82  6:43  Zergling x2  
  87  7:08  Roach x11  
  107  7:09  Roach  
  111  7:22  Zergling x2  
  112  7:23  Zergling x12  
  112  7:28  Zerg Melee Weapons Level 1  
  118  7:32  Infestation Pit  
  116  7:37  Roach x3  
  116  7:38  Roach x3  
  116  7:42  Zergling x6  
  116  7:43  Zergling x2  
  127  7:50  Zergling x10  
  131  7:53  Zergling x4  
  133  8:08  Roach  
  133  8:10  Overlord x4  
  135  8:16  Hive  
  118  8:39  Zergling x2  
  118  8:40  Zergling x22  
  109  8:56  Zergling x2  
  109  8:57  Zergling x22  
  115  9:16  Roach x4  
  120  9:22  Mutalisk x2  
  120  9:23  Mutalisk x2  
  123  9:33  Zergling x2  
  123  9:35  Zergling x10  
Show
View Real Time Build Order
Export as new Build Order

Baumdoktor Protoss - Winner!

Build Orders: 1 Gate Expand 

Get SALT Encoding   

  12  0:02  Probe (Chrono Boost)  
  13  0:13  Probe (Chrono Boost)  
  14  0:19  Pylon  
  14  0:23  Probe (Chrono Boost)  
  15  0:37  Probe (Chrono Boost)  
  15  0:41  Gateway  
  16  0:47  Probe (Chrono Boost)  
  17  1:12  Nexus, Unknown  
  17  1:19  Pylon  
  17  1:20  Probe (Chrono Boost)  
  18  1:30  Probe (Chrono Boost)  
  19  1:41  Probe (Chrono Boost), Cybernetics Core  
  19  1:46  Assimilator  
  20  1:51  Probe (Chrono Boost)  
  20  1:53  Assimilator  
  21  2:02  Probe (Chrono Boost)  
  22  2:13  Probe (Chrono Boost)  
  23  2:16  Warp Gate  
  23  2:23  Probe (Chrono Boost), Unknown  
  23  2:29  Gateway  
  24  2:33  Gateway  
  24  2:35  Gateway  
  24  2:37  Probe (Chrono Boost)  
  24  2:43  Probe (Chrono Boost)  
  26  2:50  Probe (Chrono Boost)  
  27  2:55  Probe (Chrono Boost)  
  28  3:00  Probe (Chrono Boost)  
  30  3:05  Probe (Chrono Boost)  
  30  3:07  Pylon  
  30  3:11  Probe (Chrono Boost)  
  31  3:18  Twilight Council  
  31  3:23  Stalker  
  31  3:24  Stalker  
  35  3:27  Stalker  
  35  3:32  Stalker  
  39  3:38  Probe (Chrono Boost)  
  40  3:44  Pylon  
  40  3:50  Probe (Chrono Boost)  
  41  3:56  Forge  
  41  3:59  Templar Archives  
  41  4:02  Probe (Chrono Boost)  
  42  4:15  Probe (Chrono Boost), Assimilator  
  43  4:20  Assimilator  
  43  4:25  Probe (Chrono Boost)  
  44  4:32  Protoss Ground Weapons Level 1  
  44  4:36  Probe (Chrono Boost)  
  45  4:46  Probe (Chrono Boost)  
  46  4:59  Stargate  
  46  5:04  Zealot x3  
  46  5:05  Zealot  
  54  5:07  Charge  
  54  5:38  Pylon  
  54  5:47  Mothership Core (Chrono Boost)  
  54  5:48  Zealot x3  
  54  5:49  Pylon  
  62  5:57  Pylon  
  62  6:02  Gateway  
  62  6:04  Gateway  
  62  6:05  Gateway, Pylon  
  62  6:06  Gateway  
  62  6:07  Gateway  
  62  6:11  Pylon  
  62  6:28  Void Ray  
  66  6:34  Nexus, Unknown  
  66  6:39  Probe (Chrono Boost)  
  67  6:45  Probe (Chrono Boost)  
  68  6:50  Probe (Chrono Boost)  
  69  6:57  Probe (Chrono Boost)  
  69  7:00  Probe (Chrono Boost), Protoss Ground Weapons Level 2  
  71  7:05  Zealot x4  
  71  7:06  Zealot x5  
  90  7:10  Probe (Chrono Boost)  
  90  7:22  Probe (Chrono Boost)  
  87  7:34  Probe (Chrono Boost)  
  87  7:36  Zealot x5  
  87  7:37  Zealot x4  
  94  7:45  Unknown  
  90  7:57  Zealot x3  
  90  7:58  Zealot x6  
  78  8:46  Stalker x3  
  78  8:47  Stalker x6  
  90  9:13  Stalker x2  
  90  9:14  Stalker x6  
  90  9:15  Stalker  
  98  9:44  Stalker x4  
  98  9:45  Stalker x5  
Show
View Real Time Build Order
Export as new Build Order

Eridanus Protoss 

Build Orders:  

Get SALT Encoding   

  12  0:04  Probe (Chrono Boost)  
  13  0:18  Probe (Chrono Boost)  
  14  0:23  Pylon  
  14  0:31  Probe (Chrono Boost)  
  15  0:42  Probe (Chrono Boost)  
  16  0:47  Gateway  
  16  0:52  Probe (Chrono Boost), Assimilator  
  17  1:08  Probe (Chrono Boost)  
  19  1:18  Probe (Chrono Boost)  
  19  1:29  Probe (Chrono Boost)  
  20  1:38  Cybernetics Core  
  20  1:39  Probe (Chrono Boost)  
  21  1:43  Pylon  
  21  1:50  Probe (Chrono Boost)  
  22  2:01  Probe (Chrono Boost)  
  23  2:09  Gateway  
  23  2:10  Warp Gate  
  23  2:13  Nexus, Unknown  
  23  2:26  Probe (Chrono Boost)  
  25  2:37  Probe (Chrono Boost)  
  25  2:39  Assimilator  
  25  2:43  Pylon  
  25  2:47  Probe (Chrono Boost)  
  26  2:54  Robotics Facility  
  27  2:59  Probe (Chrono Boost)  
  27  3:05  Gateway  
  27  3:11  Probe (Chrono Boost)  
  28  3:15  Pylon  
  28  3:23  Probe (Chrono Boost)  
  28  3:25  Unknown  
  29  3:33  Probe (Chrono Boost)  
  30  3:41  Observer  
  30  3:47  Probe (Chrono Boost)  
  30  3:48  Probe (Chrono Boost)  
  33  3:52  Forge  
  32  3:57  Probe (Chrono Boost)  
  32  4:00  Probe (Chrono Boost), Gateway  
  34  4:04  Assimilator  
  34  4:08  Probe (Chrono Boost), Assimilator  
  35  4:12  Probe (Chrono Boost)  
  36  4:18  Probe (Chrono Boost)  
  38  4:24  Probe (Chrono Boost)  
  38  4:27  Stalker  
  38  4:28  Stalker, Robotics Bay  
  38  4:29  Probe (Chrono Boost)  
  43  4:35  Stalker  
  43  4:36  Probe (Chrono Boost)  
  46  4:50  Probe (Chrono Boost)  
  46  4:51  Probe (Chrono Boost)  
  48  4:59  Stalker x2  
  52  5:23  Immortal  
  52  5:27  Stalker x2, Robotics Facility  
  52  5:28  Stalker  
  62  5:38  Pylon  
  62  5:40  Nexus, Unknown  
  62  5:41  Pylon  
  62  5:56  Probe (Chrono Boost)  
  64  5:58  Probe (Chrono Boost)  
  64  6:03  Protoss Shields Level 1, Stalker  
  66  6:04  Pylon  
  66  6:06  Immortal  
  66  6:10  Pylon  
  70  6:18  Probe (Chrono Boost)  
  72  6:19  Probe (Chrono Boost), Forge  
  72  6:21  Photon Cannon  
  72  6:28  Probe (Chrono Boost)  
  72  6:31  Probe (Chrono Boost)  
  72  6:32  Immortal  
  78  6:39  Probe (Chrono Boost), Photon Cannon  
  79  6:43  Probe (Chrono Boost), Assimilator  
  80  6:48  Sentry x2  
  80  6:49  Probe (Chrono Boost)  
  80  6:51  Unknown  
  86  6:55  Probe (Chrono Boost), Colossus  
  86  6:58  Stalker x2  
  86  7:00  Probe (Chrono Boost)  
  99  7:08  Probe x2 (Chrono Boost)  
  99  7:10  Probe (Chrono Boost)  
  100  7:16  Stalker x2  
  100  7:20  Probe (Chrono Boost)  
  100  7:21  Probe (Chrono Boost)  
  88  7:41  Stalker x4  
  65  8:12  Stalker  
  59  8:13  Stalker x3  
  65  8:25  Probe (Chrono Boost)  
  65  8:27  Probe x2 (Chrono Boost)  
  50  8:41  Immortal  
  50  8:43  Stalker  
  50  8:44  Stalker x3  
  50  8:46  Immortal  
  56  9:11  Stalker x3  
  56  9:12  Stalker  
Show
View Real Time Build Order
Export as new Build Order

Honor Protoss 

Build Orders:  

Get SALT Encoding   

  12  0:17  Pylon  
  12  0:18  Probe (Chrono Boost)  
  13  0:29  Probe (Chrono Boost)  
  14  0:38  Gateway  
  14  0:40  Probe (Chrono Boost)  
  15  0:49  Assimilator  
  15  0:50  Probe (Chrono Boost)  
  16  1:01  Probe (Chrono Boost)  
  18  1:11  Probe (Chrono Boost)  
  18  1:22  Probe (Chrono Boost)  
  19  1:30  Cybernetics Core  
  19  1:32  Probe (Chrono Boost), Gateway  
  20  1:43  Probe (Chrono Boost)  
  20  1:46  Pylon  
  21  1:53  Probe (Chrono Boost)  
  22  1:56  Warp Gate  
  22  1:57  Assimilator  
  22  2:04  Probe (Chrono Boost)  
  23  2:11  Gateway  
  23  2:14  Probe (Chrono Boost)  
  24  2:19  Pylon  
  24  2:42  Nexus, Unknown  
  24  2:48  Forge  
  24  3:00  Stalker x2  
  28  3:07  Stalker  
  30  3:39  Photon Cannon  
  30  3:47  Photon Cannon  
  30  3:50  Photon Cannon  
  30  3:51  Pylon  
  30  3:54  Unknown  
  30  3:56  Probe (Chrono Boost)  
  30  3:57  Assimilator  
  31  4:07  Probe (Chrono Boost)  
  32  4:17  Probe (Chrono Boost)  
  32  4:20  Assimilator  
  33  4:28  Probe (Chrono Boost)  
  35  4:38  Probe (Chrono Boost)  
  35  4:44  Probe (Chrono Boost)  
  36  4:49  Probe (Chrono Boost)  
  37  4:55  Probe (Chrono Boost)  
  37  4:59  Probe (Chrono Boost)  
  39  5:05  Pylon  
  39  5:06  Probe (Chrono Boost)  
  40  5:10  Probe (Chrono Boost)  
  41  5:14  Stalker x3  
  41  5:16  Probe (Chrono Boost)  
  41  5:20  Probe (Chrono Boost)  
  49  5:27  Probe (Chrono Boost)  
  50  5:31  Probe (Chrono Boost), Stargate x2  
  50  5:34  Stargate  
  51  5:39  Robotics Facility  
  51  5:51  Probe (Chrono Boost)  
  52  5:58  Stalker x3  
  52  6:01  Probe (Chrono Boost)  
  59  6:12  Probe (Chrono Boost)  
  60  6:20  Void Ray x2  
  60  6:22  Probe (Chrono Boost)  
  69  6:28  Pylon  
  69  6:32  Pylon  
  69  6:33  Probe (Chrono Boost)  
  70  6:45  Void Ray  
  74  6:51  Pylon  
  74  6:57  Pylon  
  74  7:07  Void Ray  
  74  7:08  Pylon  
  74  7:12  Void Ray  
  82  7:22  Void Ray  
  72  7:45  Void Ray  
  72  7:55  Void Ray  
  50  8:16  Stalker x3  
Tags
 
Add a new tag
Caveats
  • Supply blocks, unpowered buildings, or Contaminate may cause inaccurate times.
  • Supply counts are checked every 10 seconds.